 Dungeon Sprint DCSS version 0.30.1-4-g462c640d31 (webtiles) character file.

Game seed: 14463403789717629244

8822 Heoruswealwe the Ninja (level 11, -2/60 HPs)
             Began as a Spriggan Artificer on Aug 31, 2023.
             Was an Initiate of Gozag.
             Slain by a demonic crawler (16 damage)
             ... in the Dungeon (Sprint I: "Red Sonja").
             The game lasted 00:28:05 (1325 turns).

Heoruswealwe the Ninja (Spriggan Artificer)         Turns: 1325, Time: 00:28:07

Health: -2/60      AC:  3    Str:  8    XL:     11   Next: 15%
Magic:  12/12      EV: 30    Int: 13    God:    Gozag
Gold:   132        SH:  0    Dex: 20    Spells: 10/10 levels left

rFire   . . .        a - +1 rapier (venom)
rCold   . . .        (no shield)
rNeg    . . .        c - +1 robe of Trial and Error {rCorr}
rPois   .            (helmet restricted)
rElec   .            (no cloak)
rCorr   +            (gloves unavailable)
SInv    +            (boots unavailable)
Will    +....        (no amulet)
Stlth   ++++++++++   (no ring)
HPRegen 0.30/turn    (no ring)
MPRegen 0.13/turn

%: no teleportation
@: studying Dodging, very quick
A: very small, no large weapons, unfitting armour, see invisible, speed 3
a: Renounce Religion, Potion Petition, Call Merchant, Bribe Branch


You were in the Dungeon.
You worshipped Gozag.
Gozag was aware of your devotion.
You visited 1 branch You collected 3680 gold pieces.
You spent 1921 gold pieces at shops.
You donated 32 gold pieces to Zin.
You paid 1595 gold pieces to Gozag.

Inventory:

Hand Weapons
 a - a +1 rapier of venom (weapon)
Armour
 c - the +1 robe of Trial and Error (worn) {rCorr}
   (You bought it in a shop in the Dungeon)

   rCorr:     It protects you from acid and corrosion.
 e - the +1 robe of Hebbet {Str+2}
   (You bought it in a shop in the Dungeon)

   Str:       It affects your strength (+2).
 j - the +1 cloak of Clean Mirth {+Blink rPois Stlth-}
   (You bought it in a shop in the Dungeon)

   rPois:     It protects you from poison.
   +Blink:    It lets you blink.
   Stlth:     It makes you less stealthy.
Jewellery
 i - a ring of protection from cold
Wands
 b - a wand of flame (1) (quivered)
 d - a wand of charming (10)
 l - a wand of roots (5)
Scrolls
 g - a scroll of fear {unknown}
 k - 3 scrolls of blinking
 n - a scroll of brand weapon {unknown}
Potions
 f - 3 potions of curing
 h - a potion of haste
 m - 2 potions of ambrosia {unknown}
 o - a potion of mutation
 p - a potion of lignification {unknown}


   Skills:
 + Level 8.0 Fighting
 + Level 10.3 Short Blades
 + Level 14.6 Dodging
 O Level 27 Stealth
 * Level 16.1 Evocations


You had 10 spell levels left.
You didn't know any spells.
Your spell library was empty.

Dungeon Overview and Level Annotations

Branches:
Dungeon (1/1)

Altars:
Cheibriados
Dithmenos
Elyvilon
Fedhas
Gozag
Hepliaklqana
Kikubaaqudgha
Makhleb
Nemelex Xobeh
Okawaru
Qazlal
Ru
Sif Muna
Trog
Uskayaw
Vehumet
Wu Jian
Xom
Yredelemnul
Zin
The Shining One
Jiyva
Lugonu

Shops:
D :=!?!?(**?=(=(****=[([:


Innate Abilities, Weirdness & Mutations

You are very small and have problems with some larger weapons.
You are too small for most types of armour.
You have supernaturally acute eyesight. (SInv)
You cover ground extremely quickly. (Speed+++)


Message History

Things that are here:
a +0 robe; a +0 dagger You open the door. 4 demonic crawlers come into view.
The demonic crawler gives a hideous shriek! x3
The demonic crawler completely misses you.
The demonic crawler closely misses you.
The demonic crawler completely misses you.
The demonic crawler gives a hideous shriek!
You hit the demonic crawler but do no damage.
The demonic crawler closely misses you.
The demonic crawler completely misses you.
The demonic crawler misses you.
You hit the demonic crawler.
The demonic crawler is lightly wounded.
The demonic crawler hits you.
The demonic crawler completely misses you.
The demonic crawler barely misses you.
You hit the demonic crawler but do no damage.
You hit the demonic crawler but do no damage.
The demonic crawler is poisoned.
The demonic crawler hits you!
The demonic crawler completely misses you. x2
You barely miss the demonic crawler. The demonic crawler barely misses you.
The demonic crawler completely misses you. x2
You hit the demonic crawler.
The demonic crawler is lightly wounded.
You hit the demonic crawler.
The demonic crawler is lightly wounded.
The demonic crawler completely misses you. x4
The demonic crawler hits you! x2
You barely miss the demonic crawler.
The demonic crawler completely misses you.
The demonic crawler misses you. The demonic crawler hits you.
You hit the demonic crawler.
The demonic crawler is lightly wounded.
The demonic crawler hits you!
* * * LOW HITPOINT WARNING * * *
The demonic crawler misses you. The demonic crawler hits you!
You die...
Your body crumbles into a pile of gold.

##################***************
.#.['..#__#..'[..#$$*,$$,+,,,,,,+
)'..#..'..'..#[.s##+#$****,,,,,**
'#####'#__####..@ss.#$*,***,,,***
.#...#.####[.#####s.+$*+*$***+*,,
##..##"#§§§§)#§.#*+##**,,$*,*,**$
_##'#§§'§~§.§§§§#,,,,,*,,$***,,**
..'..§§#~§§§§#§§#,,,,,+,,$$$**,*,
_##_.#'##+#####'###,,,*,,,,,*,,**
_###'#(#[([)###.'.#,,,***++**,**,
####.####'###.###.#,,***,,***,,*+
..'...'.....'.∩##.#,,****$$***,,,


You could see 4 demonic crawlers.

Vanquished Creatures
  2 centaur warriors (D)
  Sonja (D)
  A deep troll (D)
  8 shining eyes (D)
  An oklob plant (D)
  2 unseen horrors (D)
  2 kobold demonologists (D)
  A hornet (D)
  A slime creature (D)
  Sigmund (D)
  A yak (D)
  2 redbacks (D)
  6 floating eyes (D)
  An ogre (D)
  4 necrophages (D)
  4 jellies (D)
  Ijyb (D)
  2 ballistomycete spores (D)
41 creatures vanquished.

Vanquished Creatures (collateral kills)
  A necrophage (D)
  A jelly (D)
2 creatures vanquished.

Vanquished Creatures (others)
  2 necrophages (D)
  3 jellies (D)
5 creatures vanquished.

Grand Total: 48 creatures vanquished

Notes
Turn   | Place    | Note
-------+----------+-------------------------------------------
     0 | D        | Heoruswealwe the Spriggan Artificer began the quest for the
                  | Orb.
     0 | D        | Reached XP level 1. HP: 9/9 MP: 2/2
     1 | D        | Noticed Ijyb
     4 | D        | Killed Ijyb
     5 | D        | Reached skill level 9 in Stealth
     5 | D        | Reached XP level 2. HP: 14/14 MP: 3/3
    15 | D        | Noticed an ogre
    18 | D        | Killed an ogre
    19 | D        | Reached skill level 14 in Stealth
    19 | D        | Reached XP level 3. HP: 17/17 MP: 4/4
    19 | D        | Reached XP level 4. HP: 21/21 MP: 5/5
    27 | D        | Noticed Sigmund
    30 | D        | Killed Sigmund
    31 | D        | Reached skill level 18 in Stealth
    31 | D        | Reached XP level 5. HP: 25/25 MP: 6/6
    31 | D        | Reached XP level 6. HP: 29/29 MP: 7/7
    42 | D        | Found an ornate altar of the Wu Jian Council.
    42 | D        | Found a shimmering blue altar of Sif Muna.
    44 | D        | Found a radiant altar of Vehumet.
    56 | D        | Reached skill level 19 in Stealth
    87 | D        | Found Plog's Magic Scroll Emporium.
    87 | D        | Found an ancient bone altar of Kikubaaqudgha.
    87 | D        | Found a hazy altar of Hepliaklqana.
    87 | D        | Found a stormy altar of Qazlal.
    87 | D        | Found a hide-covered altar of Uskayaw.
    87 | D        | Found a blossoming altar of Fedhas.
    87 | D        | Found a bloodstained altar of Trog.
    87 | D        | Found an iron altar of Okawaru.
    87 | D        | Found a basalt altar of Yredelemnul.
    87 | D        | Found a glowing golden altar of the Shining One.
    87 | D        | Found a snail-covered altar of Cheibriados.
    87 | D        | Found a sacrificial altar of Ru.
    87 | D        | Found a glowing silver altar of Zin.
    87 | D        | Found a shadowy altar of Dithmenos.
    87 | D        | Found a white marble altar of Elyvilon.
    87 | D        | Noticed a yak
    88 | D        | Found an opulent altar of Gozag.
    89 | D        | Killed a yak
    90 | D        | Reached skill level 21 in Stealth
    90 | D        | Found a sparkling altar of Nemelex Xobeh.
    95 | D        | Became a worshipper of Zin the Law-Giver
    95 | D        | Reached * piety under Zin
    95 | D        | Reached ** piety under Zin
    95 | D        | Reached *** piety under Zin
    95 | D        | Reached **** piety under Zin
    95 | D        | Reached ***** piety under Zin
    95 | D        | Reached ****** piety under Zin
   104 | D        | Noticed Sonja
   108 | D        | Killed Sonja
   109 | D        | Reached skill level 25 in Stealth
   109 | D        | Reached XP level 7. HP: 32/32 MP: 8/8
   124 | D        | Found Lyzonlut's Book Boutique.
   134 | D        | Noticed a shining eye
   134 | D        | Noticed a shining eye
   134 | D        | Noticed a shining eye
   134 | D        | Noticed a shining eye
   134 | D        | Noticed a shining eye
   134 | D        | Noticed a shining eye
   137 | D        | Reached XP level 8. HP: 37/37 MP: 9/9
   137 | D        | Noticed a shining eye
   137 | D        | Noticed a shining eye
   143 | D        | Reached skill level 26 in Stealth
   146 | D        | Reached skill level 1 in Fighting
   146 | D        | Reached skill level 1 in Short Blades
   148 | D        | Killed a shining eye
   149 | D        | Reached skill level 5 in Dodging
   149 | D        | Reached skill level 5 in Evocations
   151 | D        | Killed a shining eye
   152 | D        | Reached XP level 9. HP: 44/44 MP: 10/10
   159 | D        | Killed a shining eye
   160 | D        | Reached skill level 5 in Short Blades
   160 | D        | Reached skill level 27 in Stealth
   198 | D        | Killed a shining eye
   229 | D        | Killed a shining eye
   230 | D        | Reached skill level 5 in Fighting
   257 | D        | Killed a shining eye
   258 | D        | Reached skill level 10 in Evocations
   279 | D        | Killed a shining eye
   280 | D        | Reached XP level 10. HP: 53/53 MP: 11/11
   302 | D        | Killed a shining eye
   303 | D        | Reached skill level 10 in Dodging
   315 | D        | Fell from the grace of Zin
   315 | D        | Became a worshipper of Gozag Ym Sagoz the Greedy
   412 | D        | Noticed a deep troll
   417 | D        | Killed a deep troll
   431 | D        | Found Dolamitap's Armour Emporium.
   467 | D        | Bought a manual of Dodging for 800 gold pieces
   477 | D        | Found Afu Aber's Distillery.
   477 | D        | Found Qeekh's Distillery.
   477 | D        | Found Vumoshat's Magic Scroll Boutique.
   478 | D        | Found Jath's Jewellery Shoppe.
   520 | D        | Found a burning altar of Makhleb.
   520 | D        | Found a viscous altar of Jiyva.
   520 | D        | Found a shimmering altar of Xom.
   520 | D        | Found a corrupted altar of Lugonu.
   597 | D        | Noticed a centaur warrior
   599 | D        | Noticed a centaur warrior
   601 | D        | Killed a centaur warrior
   603 | D        | Killed a centaur warrior
   639 | D        | Noticed an oklob plant
   641 | D        | Killed an oklob plant
   642 | D        | Reached skill level 15 in Evocations
   660 | D        | Reached XP level 11. HP: 23/59 MP: 12/12
   827 | D        | Reached skill level 10 in Short Blades
   836 | D        | Found the +8 Wrath of Trog {antimagic, *Rage Rampage}
   904 | D        | Found Ifauqim's Antique Armour Boutique.
   905 | D        | Found Norphid's Antique Weapon Emporium.
   976 | D        | Found Qikanoew's Book Emporium.
   997 | D        | Found Cofiusk's Assorted Antiques.
   997 | D        | Found Koirch's Weapon Shop.
   997 | D        | Found Nuuplilu's General Store.
  1004 | D        | Found Rapu's Jewellery Boutique.
  1004 | D        | Found Goimoisu's General Store.
  1004 | D        | Found Tacuboel's General Store.
  1004 | D        | Found Jelull's Weapon Emporium.
  1004 | D        | Found Wetouffuo's Jewellery Boutique.
  1004 | D        | Found Wefrefig's Antique Weapon Shoppe.
  1004 | D        | Found Tisaiss's Jewellery Shop.
  1005 | D        | Found Etuis's Magic Scroll Emporium.
  1015 | D        | Bought a sheer robe for 108 gold pieces
  1015 | D        | Identified the +1 robe of Trial and Error {rCorr} (You
                  | bought it in a shop in the Dungeon)
  1026 | D        | Bought a scroll labelled GUAGYE RUKHLIOPP for 23 gold
                  | pieces
  1026 | D        | Bought a scroll labelled GUAGYE RUKHLIOPP for 23 gold
                  | pieces
  1026 | D        | Bought an orange potion for 20 gold pieces
  1035 | D        | Bought a scroll of identify for 22 gold pieces
  1035 | D        | Bought a scroll of identify for 22 gold pieces
  1091 | D        | Bought a scroll of identify for 26 gold pieces
  1143 | D        | Bought a scroll of identify for 26 gold pieces
  1143 | D        | Bought a scroll of identify for 26 gold pieces
  1257 | D        | Bought a +0 rapier of venom for 88 gold pieces
  1274 | D        | Bought a brightly glowing robe for 153 gold pieces
  1274 | D        | Identified the +1 robe of Hebbet {Str+2} (You bought it in
                  | a shop in the Dungeon)
  1274 | D        | Bought a scroll labelled ZEUTOUCENO for 27 gold pieces
  1276 | D        | Bought a polished cloak for 256 gold pieces
  1276 | D        | Identified the +1 cloak of Clean Mirth {+Blink rPois
                  | Stlth-} (You bought it in a shop in the Dungeon)
  1276 | D        | Bought 2 dark potions for 48 gold pieces
  1276 | D        | Bought a scroll of blinking for 202 gold pieces
  1276 | D        | Bought a scroll labelled YCHOXK IVOTY for 27 gold pieces
  1276 | D        | Bought a fizzy clear potion for 24 gold pieces
  1325 | D        | Slain by a demonic crawler

Illustrated notes

Levels and vault maps discovered:
D:        dungeon_sprint_1 [red_sonja_temple_1, red_sonja_temple_small_1]

Skill      XL: |  1  2  3  4  5  6  7  8  9 10 11 |
---------------+----------------------------------+-----
Stealth        | 9 14 18 25 26 27 | 27.0
Fighting       | 3 5 7 8 |  8.0
Short Blades   | 4 7 9 10 | 10.3
Dodging        | 6 9 13 14 | 14.6
Evocations     | 6 11 15 16 | 16.1

Action                     |  1- 3 |  4- 6 |  7- 9 | 10-12 || total
---------------------------+-------+-------+-------+-------++-------
  Melee: Dagger            |     1 |     3 |   100 |    78 ||   182
         Punch             |       |       |     4 |     3 ||     7
         Rapier            |       |       |       |     9 ||     9
 Invoke: Call Merchant     |       |       |       |     2 ||     2
  Evoke: Wand              |     2 |     3 |       |    23 ||    28
    Use: Potion            |       |       |       |     2 ||     2
         Scroll            |       |       |       |     7 ||     7
   Stab: Sleeping          |     1 |     3 |     7 |    12 ||    23
         Distracted        |       |       |       |     1 ||     1
 Armour: Robe              |       |       |       |     1 ||     1
  Dodge: Dodged            |       |       |       |    49 ||    49
